 Dungeon Crawl Stone Soup version 0.31.0-32-g396128a36d (webtiles) character file.

Game seed: 5793987381037054704

268 Gladio the Trooper (level 6, 5/63 HPs)
             Began as an Oni Warper on Mar 14, 2024.
             Quit the game on level 4 of the Dungeon.
             The game lasted 00:06:12 (2862 turns).

Gladio the Trooper (Oni Warper)                     Turns: 2862, Time: 00:06:13

Health: 5/63       AC:  3    Str: 18    XL:     6   Next: 21%
Magic:  9/11       EV:  9    Int: 14    God:
Gold:   99         SH:  0    Dex:  8    Spells: 3/12 levels left

rFire   . . .        k - +0 club (spect)
rCold   . . .        (no shield)
rNeg    . . .        b - +0 robe
rPois   .            (helmet restricted)
rElec   .            (no cloak)
rCorr   +            (gloves unavailable)
SInv    .            (boots unavailable)
Will    .....        (no amulet)
Stlth   +            p - ring of resist corrosion
HPRegen 0.30/turn    (no ring)
MPRegen 0.12/turn

%: no passive effects
@: mighty
A: large, unfitting armour, horns 1, tough skin 1, double potion healing,
drunken brawling
a: no special abilities


You were on level 4 of the Dungeon.
You visited 1 branch of the dungeon, and saw 4 of its levels.

You collected 99 gold pieces.

Inventory:

Hand Weapons
 a - a +0 mace
 k - a +0 spectral club (weapon)
Missiles
 d - 7 darts of dispersal
 o - 3 poisoned darts (quivered)
Armour
 b - a +0 robe (worn)
Jewellery
 p - a ring of resist corrosion (left hand)
Scrolls
 c - a scroll of blinking
 e - a scroll of vulnerability {unknown}
 j - 3 scrolls of teleportation {unknown}
 m - 3 scrolls of fog {unknown}
 n - 3 scrolls of identify {unknown}
 r - a scroll of amnesia {unknown}
 s - a scroll of enchant armour {unknown}
Potions
 f - a potion of invisibility {unknown}
 g - 2 potions of degeneration {unknown}
 h - a potion of lignification {unknown}
 l - 3 potions of heal wounds {unknown}
 q - a potion of curing {unknown}


   Skills:
 + Level 4.7 Fighting
 + Level 4.7 Maces & Flails
 - Level 1.0 Throwing
 - Level 2.1 Dodging
 + Level 3.9 Spellcasting
 * Level 2.6 Translocations


You had 3 spell levels left.
You knew the following spells:

 Your Spells              Type           Power      Damage    Failure   Level
a - Blink                 Tloc           20%        N/A       10%         2
b - Manifold Assault      Tloc           10%        N/A       54%         4
c - Teleport Other        Tloc           10%        N/A       19%         3

Your spell library contained the following spells:

 Spells                   Type           Power      Damage    Failure   Level
 Lesser Beckoning         Tloc           20%        N/A       10%         2
 Freeze                   Ice            8%         1d3       21%         1
 Necrotise                Necr           8%         1d4       21%         1
 Frozen Ramparts          Ice            4%         1d1       52%         3
 Hailstorm                Conj/Ice       2%         3d5       52%         3
 Vampiric Draining        Necr           2%         2d6       52%         3
 Vhi's Electric Charge    Tloc/Air       12%        N/A       75%         4
 Martyr's Knell           Necr/Summ      2%         N/A       89%         4
 Curse of Agony           Necr           2%         N/A       99%         5


Dungeon Overview and Level Annotations

Branches:
Dungeon (4/15)
 Temple: D:4-7

Altars:
Cheibriados
Elyvilon
Qazlal
Ru

Annotations:
D:2 Sigmund
D:4 Blork the orc


Innate Abilities, Weirdness & Mutations

You are too large for most types of armour.
You have a pair of small horns on your head.
You have tough skin. (AC +1)
You gain doubled healing and magic from potions.
Whenever you drink a healing potion, you attack all around you.


Message History

Your +0 spectral club disappears.
You have reached level 6!
You feel stronger.
Blork the orc comes into view.
He is wielding a +0 flail and wearing a +2 robe of resistance.
Blork the orc is nearby!
Sorry, you're not good enough to have a special ability.
Cast which spell? (? or * to list) Space momentarily warps into an impossible shape!
Blork the orc shouts!
You hit Blork the orc.
You hear a bellow!
Blork the orc casts a spell at you. The puff of flame hits you.
Blork the orc gestures at you while chanting.
The magic dart hits you.
Blork the orc screams, "I'll eat your brain!
And then I'll vomit it back up!"
Blork the orc casts a spell at you. The puff of flame hits you!
You are too injured to fight recklessly!
You feel very mighty all of a sudden.
Blork the orc gestures at you while chanting.
The magic dart hits you!
* * * LOW HITPOINT WARNING * * *
You hit Blork the orc.
Blork the orc is moderately wounded.
Your +0 spectral club hits Blork the orc but does no damage.
Blork the orc barely misses you.
A yak comes into view.
You closely miss Blork the orc.
Blork the orc is moderately wounded.
Your +0 spectral club hits Blork the orc!
Blork the orc closely misses you. The yak gores you!
* * * LOW HITPOINT WARNING * * *
Your +0 spectral club disappears.
A yak comes into view.
Blork the orc attacks as he pursues you!
Blork the orc barely misses you. The yak attacks as it pursues you!
The yak gores you.
* * * LOW HITPOINT WARNING * * *
Are you sure you want to abandon this character and quit the game? (Confirm with "yes".)

#...# .....)....#
####...####.#####...#.#
............ ........
#.....## .##.... .
#....####.##......
#o#....Y..##.....
#.##########.##.......YY.###.
...........#Y##......Y...#
..........#.#@##..........#
.......##...#.##.#######'##
......###.........# ..
#....###.....#.#.# #
+....'.........#
######....#.####..#.#
.....#.^^^.§≈≈^≈#+#.#
..####.^^^..≈#^#... .
...###§##)....#≈. ..


You could see a yak and Blork the orc.

Vanquished Creatures
  A black bear (D:4)
  A hound (D:3)
  Jessica (D:2)
  4 gnolls (D:3)
  3 adders
  3 dart slugs
  2 ribbon worms (D:3)
  3 orcs
  3 endoplasms (D:3)
  A giant cockroach (D:1)
  2 hobgoblins (D:1)
  4 kobolds
  2 quokkas (D:1)
  7 ball pythons
  3 bats
  3 frilled lizards
  A goblin (D:2)
  4 rats
48 creatures vanquished.

Notes
Turn   | Place    | Note
-------+----------+-------------------------------------------
     0 | D:1      | Gladio the Oni Warper began the quest for the Orb.
     0 | D:1      | Reached XP level 1. HP: 22/22 MP: 3/3
   313 | D:1      | Reached XP level 2. HP: 27/31 MP: 5/5
   476 | D:1      | Learned a level 2 spell: Blink
   933 | D:2      | Reached XP level 3. HP: 28/37 MP: 7/7
  1258 | D:2      | Noticed Sigmund
  1350 | D:2      | Noticed Jessica
  1356 | D:2      | Killed Jessica
  1362 | D:2      | Reached XP level 4. HP: 37/46 MP: 8/8
  1630 | D:3      | Learned a level 4 spell: Manifold Assault
  1773 | D:3      | Found a snail-covered altar of Cheibriados.
  2099 | D:3      | Found a sacrificial altar of Ru.
  2272 | D:3      | Reached XP level 5. HP: 33/54 MP: 8/10
  2278 | D:3      | Learned a level 3 spell: Teleport Other
  2357 | D:3      | Found a white marble altar of Elyvilon.
  2627 | D:4      | Noticed a yak
  2627 | D:4      | Noticed a yak
  2627 | D:4      | Noticed a yak
  2707 | D:4      | Found a stormy altar of Qazlal.
  2787 | D:4      | Noticed a black bear
  2799 | D:4      | Killed a black bear
  2800 | D:4      | Reached XP level 6. HP: 31/63 MP: 11/11
  2844 | D:4      | Noticed Blork the orc
  2851 | D:4      | Noticed a yak
  2855 | D:4      | Noticed a yak
  2862 | D:4      | Quit the game

Illustrated notes

Levels and vault maps discovered:
D:1:      amcnicky_arrival_single_pillar, layout_loops_corners, hex_tiny
D:2:      layout_loops_ring, uniq_sigmund, uniq_jessica
D:3:      layout_rooms, lemuel_crystal_altar,
          mainiacjoe_overflow_surrounded_room, mainiacjoe_overflow_brackets,
          nicolae_concentric_dashed_squares_wild
D:4:      layout_basic, grunt_qazlal_sundering,
          nicolae_hepliaklqana_monster_ancestors, nrook_mini_vaults,
          uniq_blork_the_orc

Skill      XL: |  1  2  3  4  5 |
---------------+----------------+-----
Fighting       | 3 4 |  4.7
Maces & Flails | 3 4 |  4.7
Spellcasting   | 3 |  3.9
Throwing       | |  1.0
Dodging        | |  2.1
Translocations | |  2.6

Action                     |  1- 3 |  4- 6 || total
---------------------------+-------+-------++-------
  Melee: Mace              |    60 |       ||    60
         Headbutt          |    11 |    23 ||    34
         Punch             |     1 |       ||     1
         Club              |       |    94 ||    94
   Cast: Manifold Assault  |       |     1 ||     1
    Use: Potion            |       |     2 ||     2
   Stab: Distracted        |     1 |     1 ||     2
         Sleeping          |       |     1 ||     1
 Armour: Robe              |    46 |    91 ||   137
  Dodge: Dodged            |    26 |    39 ||    65
